[Event "106th British-ch Major 2019"]
[Site "Torquay"]
[Date "2019.07.29"]
[Round "3.1"]
[White "Clarke, Brandon Gi"]
[Black "Sugden, John N"]
[Result "1-0"]
[ECO "B42"]
[WhiteElo "2433"]
[BlackElo "2068"]
[Annotator "NA"]
[PlyCount "77"]
[EventDate "2019.07.27"]
[EventType "swiss"]
[EventCountry "GBR"]
[SourceTitle "playchess.com"]
[Source "ChessBase"]
[SourceQuality "1"]
[TimeControl "40/5400+30:1800+30"]

1. e4 c5 2. Nf3 e6 3. d4 cxd4 4. Nxd4 a6 5. Bd3 Nc6 6. Nxc6 dxc6 7. Nd2 e5 8. Nc4 Nf6 9. O-O Bg4 10. Qe1 Nd7 11. f4 exf4 12. Bxf4 Bc5+ 13. Kh1 O-O 14. Qg3 Bh5 15. Nd6 Bxd6 16. Bxd6 Re8 17. e5 Nf8 18. Rf4 Re6 19. Raf1 Rh6 20. Bxf8 Qxf8 21. Bc4 Qe7 22. Bxf7+ Bxf7 23. Rxf7 Qxf7 24. Rxf7 Kxf7 25. Qb3+ Kf8 26. Qxb7 Rd8 27. Qb4+ Ke8 28. h3 Re6 29. Qb7 Rd5 30. Qxg7 Re7 31. Qg8+ Kd7 32. e6+ Kc7 33. Qg3+ Kb7 34. c4 Rd8 35. c5 Kc8 36. Qa3 Rxe6 37. Qxa6+ Kc7 38. Qa7+ Kc8 39. Qxh7 1-0

[Event "106th British-ch Major 2019"]
[Site "Torquay"]
[Date "2019.07.29"]
[Round "3.2"]
[White "Hagesaether, Arne"]
[Black "Graham, David B"]
[Result "1-0"]
[ECO "E92"]
[WhiteElo "2046"]
[BlackElo "2162"]
[Annotator "NA"]
[PlyCount "73"]
[EventDate "2019.07.27"]
[EventType "swiss"]
[EventCountry "GBR"]
[SourceTitle "playchess.com"]
[Source "ChessBase"]
[SourceQuality "1"]
[TimeControl "40/5400+30:1800+30"]

1. d4 Nf6 2. c4 g6 3. Nc3 Bg7 4. Nf3 d6 5. e4 O-O 6. h3 e5 7. d5 c6 8. Be3 cxd5 9. cxd5 Na6 10. g4 Nc5 11. Nd2 a5 12. Be2 Ne8 13. a3 f5 14. Qc2 Bd7 15. O-O-O Rc8 16. Kb1 Na4 17. f3 b5 18. Qb3 Nc5 19. Bxc5 Rxc5 20. h4 fxg4 21. fxg4 Rf2 22. g5 Qc8 23. Rc1 Nc7 24. Qd1 b4 25. Nb3 bxc3 26. Nxc5 dxc5 27. Rxc3 Nb5 28. Bxb5 Bxb5 29. Qb3 Qa6 30. Rxc5 Bd3+ 31. Ka1 a4 32. Qb8+ Rf8 33. Qb4 Qd6 34. Rhc1 Qd7 35. Rc7 Rf1 36. Qb8+ Bf8 37. Rxf1 1-0

[Event "106th British-ch Major 2019"]
[Site "Torquay"]
[Date "2019.07.29"]
[Round "3.3"]
[White "Pollack, Oscar"]
[Black "Modi, Kishan J"]
[Result "1-0"]
[ECO "B70"]
[WhiteElo "2088"]
[BlackElo "1923"]
[Annotator "NA"]
[PlyCount "133"]
[EventDate "2019.07.27"]
[EventType "swiss"]
[EventCountry "GBR"]
[SourceTitle "playchess.com"]
[Source "ChessBase"]
[SourceQuality "1"]
[TimeControl "40/5400+30:1800+30"]

1. e4 c5 2. Nf3 d6 3. d4 cxd4 4. Nxd4 Nf6 5. Nc3 g6 6. g3 Bg7 7. Bg2 O-O 8. O-O Nc6 9. Nde2 Bd7 10. a4 Rc8 11. h3 Na5 12. Qd3 Be6 13. Rb1 Re8 14. b3 Nc6 15. Be3 Nd7 16. f4 Nc5 17. Qd1 a5 18. f5 Bd7 19. Nd5 Ne5 20. Qd2 Bc6 21. Nec3 Ned7 22. Bh6 Bxd5 23. Nxd5 Bxh6 24. Qxh6 Nf6 25. fxg6 fxg6 26. Nf4 Rf8 27. Nxg6 Rf7 28. Nh4 Ncd7 29. c4 Ne5 30. Nf5 Qb6+ 31. Kh1 Qc7 32. Qe3 Kh8 33. Rbd1 Qc5 34. Qxc5 Rxc5 35. Nxe7 Rxe7 36. Rxf6 Nf7 37. Rdf1 Kg7 38. R6f5 b6 39. h4 Rce5 40. Rxe5 Rxe5 41. Rf4 Nd8 42. Rf1 Nb7 43. Rd1 Kf6 44. Rd3 Ke7 45. Kg1 Nc5 46. Re3 Rh5 47. Bh3 Kf6 48. Bf5 Ke5 49. Kf2 Kd4 50. Kf3 Rh6 51. Kf4 Rf6 52. Rf3 Nxe4 53. Kg4 Nc5 54. Rf4+ Kc3 55. Bxh7 Rh6 56. Bf5 Nxb3 57. Kg5 Rh8 58. Rf3+ Kxc4 59. Be6+ d5 60. Bxd5+ Kxd5 61. Rxb3 Rg8+ 62. Kf5 Kc4 63. Re3 b5 64. axb5 Kxb5 65. h5 a4 66. h6 Kb4 67. h7 1-0

[Event "106th British-ch Major 2019"]
[Site "Torquay"]
[Date "2019.07.29"]
[Round "3.4"]
[White "Turner, Max N"]
[Black "Payne, Matthew J"]
[Result "1-0"]
[ECO "E68"]
[WhiteElo "2026"]
[BlackElo "2168"]
[Annotator "NA"]
[PlyCount "115"]
[EventDate "2019.07.27"]
[EventType "swiss"]
[EventCountry "GBR"]
[SourceTitle "playchess.com"]
[Source "ChessBase"]
[SourceQuality "1"]
[TimeControl "40/5400+30:1800+30"]

1. d4 Nf6 2. c4 g6 3. g3 Bg7 4. Bg2 d6 5. Nf3 O-O 6. O-O Nbd7 7. Nc3 e5 8. h3 exd4 9. Nxd4 Re8 10. e4 a6 11. Be3 Rb8 12. b3 c5 13. Nde2 b5 14. Qxd6 b4 15. Na4 Nxe4 16. Bxe4 Bxa1 17. Rxa1 Rxe4 18. Nxc5 Re8 19. Rd1 Qe7 20. Nxd7 Bxd7 21. Nf4 Be6 22. Qxe7 Rxe7 23. Rd6 Ra8 24. Rb6 a5 25. Rb5 Ra6 26. Bd4 Bd7 27. Rc5 Re4 28. Be3 Bc6 29. Nd5 Bxd5 30. Rxd5 Kf8 31. Kf1 Ke7 32. Ke2 f6 33. Rb5 Kd6 34. Kd3 Re8 35. Rb7 h5 36. Rg7 g5 37. Rg6 Ke5 38. Rg7 Rd8+ 39. Ke2 Kf5 40. Rh7 a4 41. Rb7 axb3 42. Rb5+ Kg6 43. axb3 Ra2+ 44. Kf3 Rd3 45. Rxb4 Rb2 46. Ke4 Rdxb3 47. Rxb3 Rxb3 48. Kd5 Kf5 49. c5 Rd3+ 50. Bd4 Ra3 51. c6 Ra5+ 52. Bc5 h4 53. c7 Ra8 54. gxh4 gxh4 55. Be7 Kg6 56. Ke6 Re8 57. Kd7 Kf7 58. Bd8 1-0

[Event "106th British-ch Major 2019"]
[Site "Torquay"]
[Date "2019.07.29"]
[Round "3.5"]
[White "Taylor, Adam A"]
[Black "Chapman, Matt"]
[Result "1-0"]
[ECO "A12"]
[WhiteElo "2168"]
[BlackElo "1957"]
[Annotator "NA"]
[PlyCount "41"]
[EventDate "2019.07.27"]
[EventType "swiss"]
[EventCountry "GBR"]
[SourceTitle "playchess.com"]
[Source "ChessBase"]
[SourceQuality "1"]
[TimeControl "40/5400+30:1800+30"]

1. Nf3 d5 2. c4 c6 3. b3 Nf6 4. Bb2 Bf5 5. g3 e6 6. Bg2 Be7 7. O-O O-O 8. d3 h6 9. Nbd2 Nbd7 10. Qc2 Bh7 11. a3 a5 12. Bc3 b5 13. cxb5 cxb5 14. Qb2 b4 15. axb4 axb4 16. Bd4 Qc7 17. Rfc1 Qb7 18. Ne5 Nxe5 19. Bxe5 Rfc8 20. Rxc8+ Rxc8 21. Qd4 1-0

[Event "106th British-ch Major 2019"]
[Site "Torquay"]
[Date "2019.07.29"]
[Round "3.6"]
[White "Ethelontis, Alexandros N"]
[Black "Brown, Tom"]
[Result "1/2-1/2"]
[ECO "A25"]
[WhiteElo "2154"]
[BlackElo "1953"]
[Annotator "NA"]
[PlyCount "87"]
[EventDate "2019.07.27"]
[EventType "swiss"]
[EventCountry "GBR"]
[SourceTitle "playchess.com"]
[Source "ChessBase"]
[SourceQuality "1"]
[TimeControl "40/5400+30:1800+30"]

1. c4 e5 2. g3 Nc6 3. Nc3 g6 4. Bg2 Bg7 5. e3 d6 6. Nge2 Nge7 7. Rb1 a5 8. d3 O-O 9. O-O Be6 10. Nd5 Qd7 11. a3 f5 12. b4 axb4 13. axb4 Nd8 14. Qc2 Nc8 15. e4 c6 16. Ndc3 Ne7 17. b5 h6 18. Na4 Qc7 19. Be3 c5 20. Nac3 g5 21. f4 fxe4 22. Nxe4 Nf5 23. Bf2 exf4 24. gxf4 g4 25. N4g3 Nh4 26. Be4 Nf5 27. Nxf5 Bxf5 28. d4 Bxe4 29. Qxe4 cxd4 30. Qd5+ Qf7 31. Bxd4 Ra2 32. Bxg7 Kxg7 33. Nd4 Qxd5 34. cxd5 Re8 35. f5 Re4 36. Rb4 Kf6 37. b6 Rd2 38. Nc6 Ree2 39. Rxg4 bxc6 40. Rg6+ Kf7 41. Rb1 cxd5 42. Rxh6 Nc6 43. b7 Nd4 44. Rh3 1/2-1/2

[Event "106th British-ch Major 2019"]
[Site "Torquay"]
[Date "2019.07.29"]
[Round "3.7"]
[White "Ashworth, Michael J"]
[Black "Miller, Dominic"]
[Result "1-0"]
[ECO "D97"]
[WhiteElo "1957"]
[BlackElo "2140"]
[Annotator "NA"]
[PlyCount "69"]
[EventDate "2019.07.27"]
[EventType "swiss"]
[EventCountry "GBR"]
[SourceTitle "playchess.com"]
[Source "ChessBase"]
[SourceQuality "1"]
[TimeControl "40/5400+30:1800+30"]

1. d4 Nf6 2. c4 g6 3. Nc3 d5 4. Nf3 Bg7 5. Qb3 dxc4 6. Qxc4 O-O 7. e4 a6 8. e5 Nfd7 9. e6 fxe6 10. Qxe6+ Kh8 11. Ng5 Nf6 12. Nf7+ Rxf7 13. Qxf7 Nc6 14. Be3 Nxd4 15. Bxd4 Qxd4 16. Qc4 Qe5+ 17. Be2 b5 18. Qd3 b4 19. Nd1 Bb7 20. O-O Nd5 21. Bf3 Nf4 22. Qe3 Bxf3 23. Qxf3 Rf8 24. Qc6 Rf5 25. g3 Ne2+ 26. Kh1 Nd4 27. Qg2 Nc2 28. Ne3 Nxe3 29. fxe3 Qxb2 30. Qa8+ Bf8 31. Rxf5 Qxa1+ 32. Kg2 Qxa2+ 33. Rf2 Qxf2+ 34. Kxf2 Kg7 35. Qxa6 1-0

[Event "106th British-ch Major 2019"]
[Site "Torquay"]
[Date "2019.07.29"]
[Round "3.8"]
[White "Fathallah, Joe"]
[Black "Eames, Robert S"]
[Result "0-1"]
[ECO "A01"]
[WhiteElo "1952"]
[BlackElo "2136"]
[Annotator "NA"]
[PlyCount "42"]
[EventDate "2019.07.27"]
[EventType "swiss"]
[EventCountry "GBR"]
[SourceTitle "playchess.com"]
[Source "ChessBase"]
[SourceQuality "1"]
[TimeControl "40/5400+30:1800+30"]

1. b3 e5 2. Bb2 Nc6 3. e3 Nf6 4. Nf3 e4 5. Ne5 Bd6 6. Nxc6 dxc6 7. Be2 Qe7 8. f4 h5 9. Nc3 Bf5 10. a4 O-O-O 11. Qc1 Ng4 12. Ba3 g5 13. h3 gxf4 14. hxg4 hxg4 15. Rf1 Qh4+ 16. Kd1 f3 17. Bxd6 Rxd6 18. d4 fxg2 19. Rg1 Qf2 20. Kd2 Rxd4+ 21. exd4 e3+ 0-1

[Event "106th British-ch Major 2019"]
[Site "Torquay"]
[Date "2019.07.29"]
[Round "3.9"]
[White "Rogacewicz, Mikolaj"]
[Black "Shaw, Peter"]
[Result "1-0"]
[ECO "A81"]
[WhiteElo "1925"]
[BlackElo "2068"]
[Annotator "NA"]
[PlyCount "63"]
[EventDate "2019.07.27"]
[EventType "swiss"]
[EventCountry "GBR"]
[SourceTitle "playchess.com"]
[Source "ChessBase"]
[SourceQuality "1"]
[TimeControl "40/5400+30:1800+30"]

1. d4 f5 2. g3 Nf6 3. Bg2 e6 4. Nf3 Be7 5. O-O O-O 6. b3 a5 7. c4 Ne4 8. Bb2 Bf6 9. Nc3 Nxc3 10. Bxc3 d6 11. Qc2 Nc6 12. Rfd1 Qe8 13. e4 e5 14. dxe5 dxe5 15. exf5 Qh5 16. Qb2 Qxf5 17. Rd5 Nb4 18. Nxe5 Nxd5 19. Bxd5+ Be6 20. g4 Qf4 21. Bxe6+ Kh8 22. Bf5 Rae8 23. Re1 Re7 24. Re4 Qh6 25. f4 Qh3 26. Qd2 c6 27. Re3 Qh6 28. Qd6 Kg8 29. Be6+ Kh8 30. Nf7+ Rexf7 31. Bxf7 Bxc3 32. Qxf8# 1-0

[Event "106th British-ch Major 2019"]
[Site "Torquay"]
[Date "2019.07.29"]
[Round "3.10"]
[White "Foster, Timothy"]
[Black "Taylor, William J"]
[Result "1/2-1/2"]
[ECO "E73"]
[WhiteElo "1852"]
[BlackElo "2062"]
[Annotator "NA"]
[PlyCount "49"]
[EventDate "2019.07.27"]
[EventType "swiss"]
[EventCountry "GBR"]
[SourceTitle "playchess.com"]
[Source "ChessBase"]
[SourceQuality "1"]
[TimeControl "40/5400+30:1800+30"]

1. d4 Nf6 2. c4 g6 3. Nc3 Bg7 4. e4 d6 5. Be2 O-O 6. Be3 e5 7. d5 Na6 8. g4 Nc5 9. f3 a5 10. h4 c6 11. Nh3 cxd5 12. cxd5 a4 13. Qd2 Bd7 14. Nf2 Qa5 15. Nd3 Nxd3+ 16. Bxd3 b5 17. O-O h5 18. g5 Ne8 19. Rac1 Nc7 20. Qf2 Rab8 21. Bd2 Qa8 22. f4 f5 23. Qe2 fxe4 24. Nxe4 Nxd5 25. Nxd6 1/2-1/2

[Event "106th British-ch Major 2019"]
[Site "Torquay"]
[Date "2019.07.29"]
[Round "3.11"]
[White "Cocks, Elliot"]
[Black "Lentzos, Ioannis"]
[Result "0-1"]
[ECO "D24"]
[WhiteElo "1907"]
[BlackElo "2043"]
[Annotator "NA"]
[PlyCount "98"]
[EventDate "2019.07.27"]
[EventType "swiss"]
[EventCountry "GBR"]
[SourceTitle "playchess.com"]
[Source "ChessBase"]
[SourceQuality "1"]
[TimeControl "40/5400+30:1800+30"]

1. Nf3 Nf6 2. c4 e6 3. Nc3 d5 4. d4 dxc4 5. e4 Bb4 6. Bxc4 Nxe4 7. O-O Nxc3 8. bxc3 Be7 9. Ne5 O-O 10. Qh5 Nc6 11. Nxc6 bxc6 12. Rb1 a5 13. Qf3 Bd7 14. Bf4 Bd6 15. Be5 Qg5 16. Qe2 c5 17. f4 Qe7 18. Qe4 Rab8 19. Bd3 f5 20. Qf3 Bxe5 21. fxe5 cxd4 22. cxd4 Rb4 23. Rbc1 Qh4 24. Rxc7 Qxd4+ 25. Kh1 Bb5 26. Qb7 Qxe5 27. Bxb5 Rxb5 28. Rxg7+ Qxg7 29. Qxb5 Qc3 30. h3 Rd8 31. Rf3 Rd1+ 32. Kh2 Qc7+ 33. Rg3+ Kf7 34. Qb2 Rh1+ 35. Kxh1 Qxg3 36. Qb7+ Kg6 37. Qb5 Qe1+ 38. Kh2 Kg5 39. a4 h5 40. Qb8 h4 41. Qb3 Qe5+ 42. Kg1 Qe1+ 43. Kh2 Qe4 44. Qd1 Qb4 45. Qd8+ Kg6 46. Qd7 Kf6 47. Qd8+ Ke5 48. Qh8+ Kd5 49. Qd8+ Qd6+ 0-1

[Event "106th British-ch Major 2019"]
[Site "Torquay"]
[Date "2019.07.29"]
[Round "3.12"]
[White "Rice, Chris B"]
[Black "Barton, R Alan"]
[Result "0-1"]
[ECO "A25"]
[WhiteElo "2040"]
[BlackElo "1941"]
[Annotator "NA"]
[PlyCount "156"]
[EventDate "2019.07.27"]
[EventType "swiss"]
[EventCountry "GBR"]
[SourceTitle "playchess.com"]
[Source "ChessBase"]
[SourceQuality "1"]
[TimeControl "40/5400+30:1800+30"]

1. c4 e5 2. g3 Nc6 3. Nc3 d6 4. Bg2 Be6 5. d3 Qd7 6. Nd5 Nd8 7. e4 {[%emt 0:00:22] A25: English Opening vs King's Indian with ...Nc6 but without early d3} c6 8. Ne3 g6 9. Ne2 Bg7 10. d4 Qc7 $146 ({Predecessor:} 10... exd4 11. Nxd4 Bh3 12. Ndf5 Bxf5 13. exf5 Ne7 14. Bh3 Nxf5 15. O-O Ne6 16. Nxf5 gxf5 17. Bxf5 {1-0 (26) Grischuk,A (2771)-Svidler,P (2722) Moscow 2010}) 11. O-O Ne7 12. b3 O-O 13. Ba3 f5 14. d5 cxd5 15. cxd5 Bd7 16. Rc1 Qb8 17. Qc2 Bb5 18. Nc4 Nf7 19. Nc3 Ba6 20. Bb4 Rc8 21. Qd3 Rc7 22. a4 Qd8 23. Nb5 Bxb5 24. axb5 b6 25. Ra1 Rac8 26. Ra2 Qd7 27. Ne3 f4 28. Nc2 g5 29. Rfa1 g4 30. Bf1 Ng5 31. Be2 h5 32. Bd2 Ng6 33. Nb4 Qf7 34. Nc6 Nh3+ 35. Kf1 Rf8 36. Be1 Ra8 37. Ra6 fxg3 38. Qxg3 Rb7 39. Bd1 Bh6 40. R1a2 Bf4 41. Qc3 Ng5 42. f3 Nxe4 43. Qc4 Nf6 44. fxg4 hxg4 45. Kg1 Be3+ 46. Bf2 Bxf2+ 47. Rxf2 Nf4 48. Rxf4 exf4 49. Qxf4 Re8 50. Bxg4 Nxg4 51. Qxg4+ Qg7 52. Qxg7+ Rxg7+ 53. Kf2 Rf7+ 54. Kg3 Re3+ 55. Kg4 Rxb3 56. Rxa7 Rxb5 57. Ne7+ Kf8 58. Ng6+ Kg7 59. Rxf7+ Kxf7 60. Nf4 Kf6 61. h4 Rb4 62. Kf3 b5 63. Ke3 Kf5 64. Ng2 Kg4 65. Kd3 Kf3 66. Ne1+ Kf2 67. Nc2 Rxh4 68. Nd4 {[%emt 0:00:49] [#]} Rxd4+ $1 69. Kxd4 Kf3 70. Kd3 Kf4 71. Kd4 Kf5 72. Kc3 Ke4 73. Kb4 Kxd5 74. Kxb5 Kd4 75. Kb4 d5 76. Kb3 Kd3 77. Kb2 d4 78. Kc1 Ke2 0-1

[Event "106th British-ch Major 2019"]
[Site "Torquay"]
[Date "2019.07.29"]
[Round "3.14"]
[White "Price, Gwilym T"]
[Black "Roy, Ali"]
[Result "1-0"]
[ECO "C07"]
[WhiteElo "2138"]
[BlackElo "1871"]
[Annotator "NA"]
[PlyCount "47"]
[EventDate "2019.07.27"]
[EventType "swiss"]
[EventCountry "GBR"]
[SourceTitle "playchess.com"]
[Source "ChessBase"]
[SourceQuality "1"]
[TimeControl "40/5400+30:1800+30"]

1. e4 e6 2. d4 d5 3. Nd2 c5 4. Ngf3 cxd4 5. exd5 Qxd5 6. Bc4 Qd6 7. O-O Nf6 8. Nb3 Nc6 9. Nbxd4 Nxd4 10. Nxd4 a6 11. Re1 Qc7 12. Qe2 Bd6 13. Bg5 b5 14. Bd3 Bxh2+ 15. Kh1 Bd6 16. Nf5 Be7 17. Nxg7+ Kd8 18. Rad1 Nd7 19. Nxe6+ fxe6 20. Bxe7+ Ke8 21. Qxe6 Nc5 22. Qf6 Ne6 23. Qxh8+ Kxe7 24. Qxh7+ 1-0

[Event "106th British-ch Major 2019"]
[Site "Torquay"]
[Date "2019.07.29"]
[Round "3.15"]
[White "Cleary, Mark"]
[Black "Camp, Imogen Al"]
[Result "1-0"]
[ECO "A03"]
[WhiteElo "2023"]
[BlackElo "1850"]
[Annotator "NA"]
[PlyCount "61"]
[EventDate "2019.07.27"]
[EventType "swiss"]
[EventCountry "GBR"]
[SourceTitle "playchess.com"]
[Source "ChessBase"]
[SourceQuality "1"]
[TimeControl "40/5400+30:1800+30"]

1. f4 Nf6 2. Nf3 d5 3. g3 e6 4. Bg2 b6 5. O-O Bb7 6. d3 Be7 7. Ne5 c5 8. Nc3 Nc6 9. e4 d4 10. Nxc6 Bxc6 11. Nb1 h5 12. h3 Qc7 13. Nd2 Nd7 14. a4 g5 15. Nc4 gxf4 16. Bxf4 e5 17. Bd2 f6 18. h4 O-O-O 19. Rf5 Rdg8 20. Kh2 Nf8 21. Rxh5 Bd7 22. Bh3 Bxh3 23. Rxh8 Rxh8 24. Kxh3 Rg8 25. Qf3 Kb7 26. Qf5 Bd8 27. a5 Qg7 28. g4 Ng6 29. Qe6 Nxh4 30. Nd6+ Kb8 31. Qc8# 1-0

[Event "106th British-ch Major 2019"]
[Site "Torquay"]
[Date "2019.07.29"]
[Round "3.16"]
[White "Whitehead, Mark A"]
[Black "Menadue, Jeremy Fs"]
[Result "0-1"]
[ECO "B24"]
[WhiteElo "1887"]
[BlackElo "2016"]
[Annotator "NA"]
[PlyCount "54"]
[EventDate "2019.07.27"]
[EventType "swiss"]
[EventCountry "GBR"]
[SourceTitle "playchess.com"]
[Source "ChessBase"]
[SourceQuality "1"]
[TimeControl "40/5400+30:1800+30"]

1. e4 c5 2. Nc3 Nc6 3. g3 g6 4. Bg2 Bg7 5. d3 Rb8 6. Nh3 b5 7. O-O e6 8. a3 Nge7 9. Rb1 O-O 10. Be3 b4 11. axb4 cxb4 12. Ne2 d5 13. exd5 Nxd5 14. Bc5 Re8 15. c4 bxc3 16. bxc3 Rxb1 17. Qxb1 Qa5 18. c4 Qxc5 19. cxd5 exd5 20. Rc1 Qd6 21. Nef4 Nd4 22. Qa2 Bxh3 23. Bxd5 Be6 24. Bxe6 Nxe6 25. Nxe6 Qxe6 26. Qxa7 h5 27. Rc7 Rd8 0-1

[Event "106th British-ch Major 2019"]
[Site "Torquay"]
[Date "2019.07.29"]
[Round "3.17"]
[White "Akeya-Price, Robert A"]
[Black "May, Paul"]
[Result "1-0"]
[ECO "A43"]
[WhiteElo "1974"]
[BlackElo "1832"]
[Annotator "NA"]
[PlyCount "67"]
[EventDate "2019.07.27"]
[EventType "swiss"]
[EventCountry "GBR"]
[SourceTitle "playchess.com"]
[Source "ChessBase"]
[SourceQuality "1"]
[TimeControl "40/5400+30:1800+30"]

1. d4 g6 2. c4 Bg7 3. e4 c5 4. d5 d6 5. Nc3 Nd7 6. Nge2 Ngf6 7. Bd2 O-O 8. Qc2 Nb6 9. Ng3 Ng4 10. h3 Ne5 11. b3 e6 12. f4 Ned7 13. O-O-O e5 14. f5 Qh4 15. Nge2 Bh6 16. g3 Bxd2+ 17. Qxd2 Qf6 18. g4 h6 19. Qxh6 g5 20. Qh5 Kg7 21. h4 Rh8 22. Qxh8+ Kxh8 23. hxg5+ Kg7 24. gxf6+ Nxf6 25. Rh4 Bd7 26. g5 Nh7 27. f6+ Kg8 28. Bh3 Nf8 29. Bxd7 Ng6 30. Rh6 Nxd7 31. Nb5 b6 32. Nxd6 Ndf8 33. Nf5 Nh7 34. Ne7+ 1-0

[Event "106th British-ch Major 2019"]
[Site "Torquay"]
[Date "2019.07.29"]
[Round "3.18"]
[White "Rathbone-Jones, Ifan"]
[Black "Cusick, Peter W"]
[Result "1/2-1/2"]
[ECO "E21"]
[WhiteElo "1855"]
[BlackElo "1971"]
[Annotator "NA"]
[PlyCount "50"]
[EventDate "2019.07.27"]
[EventType "swiss"]
[EventCountry "GBR"]
[SourceTitle "playchess.com"]
[Source "ChessBase"]
[SourceQuality "1"]
[TimeControl "40/5400+30:1800+30"]

1. d4 Nf6 2. c4 e6 3. Nc3 Bb4 4. Nf3 Ne4 5. Qc2 f5 6. Bd2 Nxd2 7. Nxd2 O-O 8. g3 Nc6 9. e3 b6 10. Bg2 Bb7 11. O-O Na5 12. d5 c6 13. a3 Bxc3 14. Qxc3 cxd5 15. b4 Nxc4 16. Nxc4 Rc8 17. Rfc1 Rxc4 18. Qb2 Qb8 19. Bf1 Rxc1 20. Rxc1 Rc8 21. Rxc8+ Qxc8 22. Qe5 Qc6 23. Qb8+ Kf7 24. b5 Qc8 25. Qxa7 Qc7 1/2-1/2

[Event "106th British-ch Major 2019"]
[Site "Torquay"]
[Date "2019.07.29"]
[Round "3.19"]
[White "Young, Daniel J"]
[Black "Ward, Andy"]
[Result "0-1"]
[ECO "C18"]
[WhiteElo "1971"]
[BlackElo "1822"]
[Annotator "NA"]
[PlyCount "68"]
[EventDate "2019.07.27"]
[EventType "swiss"]
[EventCountry "GBR"]
[SourceTitle "playchess.com"]
[Source "ChessBase"]
[SourceQuality "1"]
[TimeControl "40/5400+30:1800+30"]

1. e4 e6 2. d4 d5 3. Nc3 Bb4 4. e5 c5 5. a3 Bxc3+ 6. bxc3 Ne7 7. Qg4 Qc7 8. Bd3 cxd4 9. Ne2 dxc3 10. Qxg7 Rg8 11. Qxh7 Qxe5 12. h4 Nd7 13. Bf4 Qf6 14. Bg5 Qh8 15. Qxh8 Rxh8 16. Nxc3 a6 17. O-O-O f6 18. Be3 b5 19. f4 Bb7 20. Rh2 Kf7 21. g4 Rac8 22. Kb2 Nc5 23. Be2 Rc7 24. h5 Rhc8 25. Rd2 Ne4 26. Nxe4 dxe4 27. Bb6 Rc6 28. Bd4 Nd5 29. g5 e3 30. Bxe3 Nxe3 31. Rd7+ Ke8 32. Rxb7 Rxc2+ 33. Kb3 R8c3+ 34. Kb4 Nd5+ 0-1

[Event "106th British-ch Major 2019"]
[Site "Torquay"]
[Date "2019.07.29"]
[Round "3.20"]
[White "Forster, Matthew"]
[Black "Warren, Alex M"]
[Result "1/2-1/2"]
[ECO "A25"]
[WhiteElo "1825"]
[BlackElo "1967"]
[Annotator "NA"]
[PlyCount "80"]
[EventDate "2019.07.27"]
[EventType "swiss"]
[EventCountry "GBR"]
[SourceTitle "playchess.com"]
[Source "ChessBase"]
[SourceQuality "1"]
[TimeControl "40/5400+30:1800+30"]

1. c4 g6 2. g3 Bg7 3. Bg2 Nf6 4. Nc3 d6 5. e3 e5 6. Nge2 O-O 7. O-O Nc6 8. a3 a5 9. Rb1 Bf5 10. d3 Qc8 11. Re1 Re8 12. b4 axb4 13. axb4 e4 14. d4 Bh3 15. Bh1 Bg4 16. Qc2 Bf3 17. Nf4 Bxh1 18. Kxh1 Qg4 19. Ncd5 Rac8 20. Qe2 Qf5 21. Bd2 Ne7 22. Nxe7+ Rxe7 23. Ra1 h5 24. Ra5 Qd7 25. Rea1 h4 26. gxh4 Bh6 27. Rg1 b6 28. Nd5 Nxd5 29. Rxd5 c6 30. Rh5 Kh7 31. Rxh6+ Kxh6 32. Rg3 Ra8 33. d5 cxd5 34. cxd5 Qf5 35. Kg2 Ra2 36. h5 Rc7 37. hxg6 fxg6 38. Rh3+ Kg5 39. Rg3+ Kh6 40. Rh3+ Kg5 1/2-1/2

[Event "106th British-ch Major 2019"]
[Site "Torquay"]
[Date "2019.07.29"]
[Round "3.21"]
[White "Mueller, Jens"]
[Black "Metcalfe, Charlie P"]
[Result "0-1"]
[ECO "B13"]
[WhiteElo "1965"]
[BlackElo "1739"]
[Annotator "NA"]
[PlyCount "58"]
[EventDate "2019.07.27"]
[EventType "swiss"]
[EventCountry "GBR"]
[SourceTitle "playchess.com"]
[Source "ChessBase"]
[SourceQuality "1"]
[TimeControl "40/5400+30:1800+30"]

1. d4 d5 2. Bf4 c5 3. e3 Nc6 4. Nc3 cxd4 5. exd4 Bf5 6. a3 e6 7. g4 Bg6 8. h4 h5 9. g5 Bd6 10. Be3 Rc8 11. Bd3 Nge7 12. Nge2 Nf5 13. Qd2 O-O 14. Nd1 e5 15. c3 Na5 16. Nc1 exd4 17. cxd4 Rxc1 18. Rxc1 Nxe3 19. Nxe3 Nb3 20. Qc3 Nxc1 21. Bxg6 Na2 22. Qb3 Qa5+ 23. Kf1 fxg6 24. Kg2 Qd2 25. Rf1 Qxd4 26. Qxa2 Qf4 27. Qxd5+ Kh7 28. Rd1 Qh2+ 29. Kf1 Qxf2# 0-1

[Event "106th British-ch Major 2019"]
[Site "Torquay"]
[Date "2019.07.29"]
[Round "3.22"]
[White "Lim, Mark"]
[Black "Rushbrooke, Remy"]
[Result "0-1"]
[ECO "A10"]
[WhiteElo "1822"]
[BlackElo "1963"]
[Annotator "NA"]
[PlyCount "74"]
[EventDate "2019.07.27"]
[EventType "swiss"]
[EventCountry "GBR"]
[SourceTitle "playchess.com"]
[Source "ChessBase"]
[SourceQuality "1"]
[TimeControl "40/5400+30:1800+30"]

1. Nf3 f5 2. c4 Nf6 3. e3 g6 4. b4 Bg7 5. Bb2 O-O 6. Be2 d6 7. d4 c6 8. O-O Qe8 9. Qb3 h6 10. Nc3 g5 11. d5 e5 12. dxe6 Bxe6 13. Nd4 Bc8 14. Rfd1 Ng4 15. Rd3 Ne5 16. Rd2 g4 17. Rad1 Qg6 18. Bf1 Nf3+ 19. gxf3 gxf3+ 20. Kh1 Qh5 21. c5+ Kh8 22. cxd6 Be5 23. Nxf3 Qxf3+ 24. Bg2 Qh5 25. f4 Bf6 26. Na4 Nd7 27. Nc5 Nxc5 28. bxc5 Bd7 29. Qxb7 Bxb2 30. Qxb2+ Kh7 31. Qb7 Rad8 32. Bxc6 Rf7 33. Bxd7 Rdxd7 34. Qd5 Rg7 35. c6 Rxd6 36. Qxf5+ Qxf5 37. Rxd6 Qe4# 0-1

[Event "106th British-ch Major 2019"]
[Site "Torquay"]
[Date "2019.07.29"]
[Round "3.23"]
[White "Merriman, James"]
[Black "Hosdurga, Chirag"]
[Result "1/2-1/2"]
[ECO "E70"]
[WhiteElo "1808"]
[BlackElo "1926"]
[Annotator "NA"]
[PlyCount "73"]
[EventDate "2019.07.27"]
[EventType "swiss"]
[EventCountry "GBR"]
[SourceTitle "playchess.com"]
[Source "ChessBase"]
[SourceQuality "1"]
[TimeControl "40/5400+30:1800+30"]

1. d4 Nf6 2. c4 g6 3. Nc3 Bg7 4. e4 d6 5. Nge2 O-O 6. Ng3 e5 7. d5 a5 8. Be2 Na6 9. h4 h5 10. Bg5 Qe8 11. Qd2 Bd7 12. O-O-O Ng4 13. Bxg4 Bxg4 14. f3 Bd7 15. Bh6 Qe7 16. Rdg1 Nc5 17. Nf1 Ra6 18. g4 Bxh6 19. Qxh6 hxg4 20. fxg4 Nd3+ 21. Kc2 Nf2 22. Ne3 Nxh1 23. Nf5 Bxf5 24. gxf5 Qf6 25. Rxh1 Qg7 26. Qe3 Kh7 27. Qf3 f6 28. Rg1 g5 29. hxg5 fxg5 30. Rh1+ Kg8 31. Qh5 Rf6 32. Nd1 Ra8 33. Ne3 Rf7 34. Ng4 Kf8 35. Qh8+ Qg8 36. Qxg8+ Kxg8 37. Nh6+ 1/2-1/2